TOP OF THE 1ST |
Baltimore Orioles batting - Pitching for Montreal Expos : LHP Kyle Schlosschlonghair
|
Pitching: LHP Kyle Schlosschlonghair
|
|
Batting: RHB Saimei Kudo
|
0-0: Called Strike 0-1: Swinging Strike 0-2: Foul Ball, location: 2F 0-2: Strikes out swinging
|
Batting: RHB Marc Peckermark
|
0-0: Fly out, F8 (Flyball, 8RXD, EV 91.9 MPH)
|
Batting: LHB Brad Pepin
|
0-0: Foul Ball, location: 2F 0-1: Ball 1-1: Ground out U3 (Groundball, 3L, EV 80.0 MPH)
|
Top of the 1st over - 0 runs, 0 hits, 0 errors, 0 left on base; Baltimore 0 - Montreal 0 |
BOTTOM OF THE 1ST |
Montreal Expos batting - Pitching for Baltimore Orioles : RHP Kevin Cushman
|
Pitching: RHP Kevin Cushman
|
|
Batting: SHB Bran Stark
|
0-0: DOUBLE (Flyball, 78D, EV 94.4 MPH)
|
Batting: RHB Robby Juarez
|
0-0: Ball 1-0: SINGLE (Groundball, 6S, EV 68.8 MPH) (infield hit) Bran Stark to third
|
Batting: RHB Mike Salmon
|
0-0: Ball 1-0: Foul Ball, location: 2F 1-1: Ball 2-1: Ball 3-1: SINGLE (Flyball, 89S, EV 96.9 MPH) Bran Stark scores Robby Juarez to second Runner from 2nd tries for 3rd, SAFE, throw by CF made to third
|
Batting: RHB Hugo Bautista
|
0-0: Fly out, F8 (Flyball, 89D, EV 96.9 MPH) Runner from 3rd tags up, SCORES, no throw by CF
|
Batting: LHB Jimmy Buscemi
|
0-0: Ball 1-0: Swinging Strike 1-1: Ball 2-1: DOUBLE (Line Drive, 3D, EV 95.0 MPH) Mike Salmon to third Runner from 3rd tries for Home, throw by RF and OUT! 9-4-2
|
Batting: SHB Pete Barutha
|
0-0: Called Strike 0-1: Ball 1-1: Fly out, F8 (Flyball, 8LM, EV 86.9 MPH)
|
Bottom of the 1st over - 2 runs, 4 hits, 0 errors, 1 left on base; Baltimore 0 - Montreal 2 |
TOP OF THE 2ND |
Baltimore Orioles batting - Pitching for Montreal Expos : LHP Kyle Schlosschlonghair
|
Batting: SHB Jason Hayes
|
0-0: Called Strike 0-1: Ball 1-1: SOLO HOME RUN (Line Drive, 7LD, EV 93.1 MPH), Distance : 341 ft
|
Batting: RHB Kevin Howard
|
0-0: Called Strike 0-1: Ball 1-1: Called Strike 1-2: Ball 2-2: Strikes out looking
|
Batting: RHB Alex Rodriguez Jr.
|
0-0: Foul Ball, location: 2F 0-1: Ball 1-1: Swinging Strike 1-2: Ball 2-2: Strikes out looking
|
Batting: RHB Josh Hamilton
|
0-0: Ball 1-0: Ball 2-0: Ball 3-0: Base on Balls
|
Batting: LHB Bob Melley
|
0-0: Ball 1-0: Called Strike 1-1: Ball 2-1: Ball 3-1: Ground out 4-3 (Groundball, 4, EV 103.8 MPH)
|
Top of the 2nd over - 1 run, 1 hit, 0 errors, 1 left on base; Baltimore 1 - Montreal 2 |
BOTTOM OF THE 2ND |
Montreal Expos batting - Pitching for Baltimore Orioles : RHP Kevin Cushman
|
Batting: RHB John Ham
|
0-0: Fly out, F3 (Popup, 3L, EV 58.1 MPH)
|
Batting: RHB Nick Sharp
|
0-0: Ground out 6-3 (Groundball, 6, EV 91.9 MPH)
|
Batting: SHB Jose Vargas
|
0-0: Called Strike 0-1: Ball 1-1: Fly out, F8 (Line Drive, 8LM, EV 92.5 MPH)
|
Bottom of the 2nd over - 0 runs, 0 hits, 0 errors, 0 left on base; Baltimore 1 - Montreal 2 |
TOP OF THE 3RD |
Baltimore Orioles batting - Pitching for Montreal Expos : LHP Kyle Schlosschlonghair
|
Batting: RHB Ruben Garza
|
0-0: Called Strike 0-1: Swinging Strike 0-2: Foul Ball, location: 2F 0-2: Ball 1-2: Strikes out swinging
|
Batting: RHB Saimei Kudo
|
0-0: Called Strike 0-1: Ball 1-1: Foul Ball, location: 2F 1-2: Foul Ball, location: 2F 1-2: Ball 2-2: Foul Ball, location: 2F 2-2: SOLO HOME RUN (Flyball, 8RXD, EV 116.9 MPH), Distance : 470 ft
|
Batting: RHB Marc Peckermark
|
0-0: Fly out, F8 (Flyball, 8RS, EV 89.4 MPH)
|
Batting: LHB Brad Pepin
|
0-0: Called Strike 0-1: Ball 1-1: Foul Ball, location: 2F 1-2: Foul Ball, location: 2F 1-2: Ball 2-2: Foul Ball, location: 2F 2-2: Ball 3-2: Fly out, F8 (Flyball, 8LD, EV 90.6 MPH)
|
Top of the 3rd over - 1 run, 1 hit, 0 errors, 0 left on base; Baltimore 2 - Montreal 2 |
BOTTOM OF THE 3RD |
Montreal Expos batting - Pitching for Baltimore Orioles : RHP Kevin Cushman
|
Batting: SHB Bran Stark
|
0-0: Called Strike 0-1: Ground out 4-3 (Groundball, 4M, EV 98.8 MPH)
|
Batting: RHB Robby Juarez
|
0-0: Called Strike 0-1: Swinging Strike 0-2: Ground out 6-3 (Groundball, 56, EV 105.0 MPH)
|
Batting: RHB Mike Salmon
|
0-0: Ball 1-0: SINGLE (Groundball, 56D, EV 100.0 MPH)
|
Batting: RHB Hugo Bautista
|
0-0: Ball 1-0: Ball 2-0: Ball 3-0: Called Strike 3-1: Fielders Choice at 2nd, 6-4 (Groundball, 6, EV 96.3 MPH)
|
Bottom of the 3rd over - 0 runs, 1 hit, 0 errors, 1 left on base; Baltimore 2 - Montreal 2 |
TOP OF THE 4TH |
Baltimore Orioles batting - Pitching for Montreal Expos : LHP Kyle Schlosschlonghair
|
Batting: SHB Jason Hayes
|
0-0: Foul Ball, location: 2F 0-1: Ball 1-1: Ball 2-1: Foul Ball, location: 2F 2-2: SOLO HOME RUN (Flyball, 7D, EV 103.1 MPH), Distance : 379 ft
|
Batting: RHB Kevin Howard
|
0-0: Fly out, F8 (Flyball, BS5, EV 108.8 MPH)
|
Batting: RHB Alex Rodriguez Jr.
|
0-0: Foul Ball, location: 2F 0-1: Foul Ball, location: 2F 0-2: Ball 1-2: Strikes out swinging
|
Batting: RHB Josh Hamilton
|
0-0: Ball 1-0: Ball 2-0: Foul Ball, location: 2F 2-1: Foul Ball, location: 2F 2-2: Ball 3-2: Base on Balls
|
Batting: LHB Bob Melley
|
0-0: Ground out 4-3 (Groundball, 4, EV 81.9 MPH)
|
Top of the 4th over - 1 run, 1 hit, 0 errors, 1 left on base; Baltimore 3 - Montreal 2 |
BOTTOM OF THE 4TH |
Montreal Expos batting - Pitching for Baltimore Orioles : RHP Kevin Cushman
|
Batting: LHB Jimmy Buscemi
|
0-0: Called Strike 0-1: Ball 1-1: Ground out 4-3 (Groundball, 4, EV 83.1 MPH)
|
Batting: SHB Pete Barutha
|
0-0: Called Strike 0-1: Ground out 3-1 (Groundball, 34S, EV 65.0 MPH)
|
Batting: RHB John Ham
|
0-0: SINGLE (Groundball, 6D, EV 107.5 MPH)
|
Batting: RHB Nick Sharp
|
0-0: Called Strike 0-1: Ball 1-1: SINGLE (Groundball, 15S, EV 61.3 MPH) (infield hit) John Ham to second
|
Batting: SHB Jose Vargas
|
0-0: Called Strike 0-1: Called Strike 0-2: Fielders Choice at 2nd, U6 (Groundball, 6M, EV 89.4 MPH)
|
Bottom of the 4th over - 0 runs, 2 hits, 0 errors, 2 left on base; Baltimore 3 - Montreal 2 |
TOP OF THE 5TH |
Baltimore Orioles batting - Pitching for Montreal Expos : LHP Kyle Schlosschlonghair
|
Batting: RHB Ruben Garza
|
0-0: Swinging Strike 0-1: Foul Ball, location: 2F 0-2: Ball 1-2: SOLO HOME RUN (Flyball, 9LD, EV 96.3 MPH), Distance : 353 ft
|
Batting: RHB Saimei Kudo
|
0-0: Ball 1-0: Called Strike 1-1: Foul Ball, location: 2F 1-2: Ground out 6-3 (Groundball, 6D, EV 86.3 MPH)
|
Batting: RHB Marc Peckermark
|
0-0: Ball 1-0: Called Strike 1-1: Ball 2-1: Foul Ball, location: 2F 2-2: Strikes out swinging
|
Batting: LHB Brad Pepin
|
0-0: Ball 1-0: Ground out U3 (Groundball, 3, EV 92.5 MPH)
|
Top of the 5th over - 1 run, 1 hit, 0 errors, 0 left on base; Baltimore 4 - Montreal 2 |
BOTTOM OF THE 5TH |
Montreal Expos batting - Pitching for Baltimore Orioles : RHP Kevin Cushman
|
Batting: SHB Bran Stark
|
0-0: Ball 1-0: Ball 2-0: Called Strike 2-1: Fly out, F4 (Line Drive, 4, EV 65.0 MPH)
|
Batting: RHB Robby Juarez
|
0-0: Ball 1-0: SINGLE (Groundball, 6MD, EV 100.6 MPH) (infield hit)
|
Batting: RHB Mike Salmon
|
0-0: Ball 1-0: 2-RUN HOME RUN (Flyball, 7D, EV 97.5 MPH), Distance : 368 ft
|
Batting: RHB Hugo Bautista
|
0-0: Called Strike 0-1: Swinging Strike 0-2: SINGLE (Groundball, 5S, EV 68.8 MPH) (infield hit)
|
Batting: LHB Jimmy Buscemi
|
0-0: Called Strike 0-1: Ball 1-1: Ball 2-1: Called Strike 2-2: Ball 3-2: Fly out, F4 (Popup, 4S, EV 70.0 MPH)
|
Batting: SHB Pete Barutha
|
0-0: Called Strike Hugo Bautista steals 2nd base 0-1: Fly out, F8 (Flyball, 8RM, EV 90.6 MPH)
|
Bottom of the 5th over - 2 runs, 3 hits, 0 errors, 1 left on base; Baltimore 4 - Montreal 4 |
TOP OF THE 6TH |
Baltimore Orioles batting - Pitching for Montreal Expos : LHP Kyle Schlosschlonghair
|
Batting: SHB Jason Hayes
|
0-0: Ball 1-0: SOLO HOME RUN (Flyball, 7D, EV 98.8 MPH), Distance : 367 ft
|
Pitching: RHP Jon Turman
|
|
Batting: RHB Kevin Howard
|
0-0: Swinging Strike 0-1: Swinging Strike 0-2: Ball 1-2: Ball 2-2: Fly out, F6 (Popup, 4MS, EV 80.0 MPH)
|
Batting: RHB Alex Rodriguez Jr.
|
0-0: Foul Ball, location: 2F 0-1: Ground out 6-3 (Groundball, 6, EV 103.8 MPH)
|
Batting: RHB Josh Hamilton
|
0-0: Ball 1-0: Ground out 4-3 (Groundball, 4, EV 80.0 MPH)
|
Top of the 6th over - 1 run, 1 hit, 0 errors, 0 left on base; Baltimore 5 - Montreal 4 |
BOTTOM OF THE 6TH |
Montreal Expos batting - Pitching for Baltimore Orioles : RHP Kevin Cushman
|
Batting: RHB John Ham
|
0-0: Ball 1-0: Ball 2-0: Ball 3-0: Foul Ball, location: 2F 3-1: Base on Balls
|
Batting: RHB Nick Sharp
|
0-0: Ground out 5-3 (Groundball, 56, EV 83.8 MPH) John Ham to second
|
Batting: SHB Jose Vargas
|
0-0: Ground out 6-3 (Groundball, 6, EV 83.8 MPH) John Ham to third
|
Batting: SHB Bran Stark
|
0-0: Fly out, F9 (Flyball, 9S, EV 83.1 MPH)
|
Bottom of the 6th over - 0 runs, 0 hits, 0 errors, 1 left on base; Baltimore 5 - Montreal 4 |
TOP OF THE 7TH |
Baltimore Orioles batting - Pitching for Montreal Expos : RHP Jon Turman
|
Batting: LHB Bob Melley
|
0-0: Foul Ball, location: 2F 0-1: Foul Ball, location: 2F 0-2: DOUBLE (Flyball, 8LXD, EV 108.8 MPH)
|
Batting: RHB Ruben Garza
|
0-0: Ball 1-0: Ground out 4-3 (Groundball, 4M, EV 99.4 MPH) Bob Melley to third
|
Batting: RHB Saimei Kudo
|
0-0: Intentional Walk
|
Batting: RHB Marc Peckermark
|
0-0: Called Strike 0-1: Ball 1-1: Ball 2-1: Grounds into double play, 4-6-3 (Groundball, 4, EV 86.9 MPH)
|
Top of the 7th over - 0 runs, 1 hit, 0 errors, 1 left on base; Baltimore 5 - Montreal 4 |
BOTTOM OF THE 7TH |
Montreal Expos batting - Pitching for Baltimore Orioles : RHP Kevin Cushman
|
Batting: RHB Robby Juarez
|
0-0: Foul Ball, location: 2F 0-1: Called Strike 0-2: Ground out 6-3 (Groundball, 6, EV 108.1 MPH)
|
Batting: RHB Mike Salmon
|
0-0: Ball 1-0: Ball 2-0: Foul Ball, location: 2F 2-1: Swinging Strike 2-2: Foul Ball, location: 2F 2-2: Foul Ball, location: 2F 2-2: Ball 3-2: DOUBLE (Flyball, 9LD, EV 108.8 MPH)
|
Batting: RHB Hugo Bautista
|
0-0: Called Strike 0-1: Ball 1-1: Ball 2-1: Ball 3-1: Foul Ball, location: 2F 3-2: Ground out 6-3 (Groundball, 6, EV 110.0 MPH)
|
Batting: LHB Jimmy Buscemi
|
0-0: Called Strike 0-1: Foul Ball, location: 2F 0-2: Ground out 6-3 (Groundball, 6, EV 101.3 MPH)
|
Bottom of the 7th over - 0 runs, 1 hit, 0 errors, 1 left on base; Baltimore 5 - Montreal 4 |
TOP OF THE 8TH |
Baltimore Orioles batting - Pitching for Montreal Expos : RHP Jon Turman
|
Pitching: LHP Mike Jones
|
|
Batting: LHB Brad Pepin
|
0-0: Ball 1-0: Swinging Strike 1-1: Swinging Strike 1-2: Hit by Pitch
|
Pitching: RHP Jeff Urry
|
|
Batting: SHB Jason Hayes
|
0-0: Ball 1-0: Swinging Strike 1-1: Called Strike 1-2: Ball 2-2: Strikes out swinging
|
Batting: RHB Kevin Howard
|
0-0: Ball 1-0: Called Strike 1-1: Ball 2-1: Foul Ball, location: 2F 2-2: Foul Ball, location: 2F 2-2: Ball 3-2: SINGLE (Groundball, 4D, EV 104.4 MPH) Brad Pepin to second Brad Pepin to third
|
Batting: RHB Alex Rodriguez Jr.
|
0-0: Foul Ball, location: 2F 0-1: Ball 1-1: Ball 2-1: Ball 3-1: Grounds into double play, 4-6-3 (Groundball, 34, EV 76.3 MPH)
|
Top of the 8th over - 0 runs, 1 hit, 0 errors, 1 left on base; Baltimore 5 - Montreal 4 |
BOTTOM OF THE 8TH |
Montreal Expos batting - Pitching for Baltimore Orioles : RHP Kevin Cushman
|
Batting: SHB Pete Barutha
|
0-0: Foul Ball, location: 2F 0-1: Ball 1-1: Ground out 4-3 (Groundball, 4MD, EV 94.4 MPH)
|
Pinch Hitting: LHB Tommy Luce
|
0-0: Ground out U3 (Groundball, 34, EV 81.3 MPH)
|
Batting: RHB Nick Sharp
|
0-0: Swinging Strike 0-1: Foul Ball, location: 2F 0-2: DOUBLE (Line Drive, 89XD, EV 105.6 MPH)
|
Batting: SHB Jose Vargas
|
0-0: Called Strike 0-1: Ball 1-1: Swinging Strike 1-2: Ground out 6-3 (Groundball, 6M, EV 90.6 MPH)
|
Bottom of the 8th over - 0 runs, 1 hit, 0 errors, 1 left on base; Baltimore 5 - Montreal 4 |
TOP OF THE 9TH |
Baltimore Orioles batting - Pitching for Montreal Expos : RHP Jeff Urry
|
Pitching: RHP Alan Taylor
|
|
Now in LF: Tommy Luce
|
|
Pinch Hitting: LHB Stu Sornson
|
0-0: Ball 1-0: Called Strike 1-1: Ball 2-1: Foul Ball, location: 2F 2-2: Foul Ball, location: 2F 2-2: Strikes out looking
|
Batting: LHB Bob Melley
|
0-0: Ball 1-0: Foul Ball, location: 2F 1-1: Foul Ball, location: 2F 1-2: Ball 2-2: Strikes out swinging
|
Batting: RHB Ruben Garza
|
0-0: Ball 1-0: Foul Ball, location: 2F 1-1: Swinging Strike 1-2: Strikes out swinging
|
Top of the 9th over - 0 runs, 0 hits, 0 errors, 0 left on base; Baltimore 5 - Montreal 4 |
BOTTOM OF THE 9TH |
Montreal Expos batting - Pitching for Baltimore Orioles : RHP Kevin Cushman
|
Pitching: RHP Errol Dondale
|
|
Now at C: Jesus Luque
|
|
Batting: SHB Bran Stark
|
0-0: Ball 1-0: Swinging Strike 1-1: Fly out, F6 (Popup, 6, EV 50.0 MPH)
|
Batting: RHB Robby Juarez
|
0-0: Ball 1-0: Ball 2-0: Foul Ball, location: 2F 2-1: Ball 3-1: Foul Ball, location: 2F 3-2: TRIPLE (Flyball, 8RXD, EV 99.4 MPH)
|
Batting: RHB Mike Salmon
|
0-0: Ball 1-0: Foul Ball, location: 2F 1-1: Fly out, F7 (Flyball, 8LS, EV 76.9 MPH)
|
Batting: RHB Hugo Bautista
|
0-0: Called Strike 0-1: Ball 1-1: Ball 2-1: 2-RUN HOME RUN (Flyball, 7LD, EV 94.4 MPH), Distance : 326 ft
|
Bottom of the 9th over - 2 runs, 2 hits, 0 errors, 0 left on base; Baltimore 5 - Montreal 6 |
|
Game Over ... Montreal defeats Baltimore, 6 to 5
|
|
|